 Dungeon Crawl Stone Soup version 0.23.2-1-ga50397a6bc (webtiles) character file.

Game seed: 11796305836809653357

15026 Jukra the Fighter (level 11, -1/151 HPs)
             Began as a Minotaur Berserker on May 18, 2019.
             Was a High Priest of Trog.
             Slain by Snorg (13 damage)
             ... on level 11 of the Dungeon.
             The game lasted 00:51:44 (7173 turns).

Jukra the Fighter (Minotaur Berserker)              Turns: 7173, Time: 00:51:46

Health: -1/151     AC: 13    Str: 30    XL:     11   Next: 96%
Magic:  3/3        EV: 15    Int:  4    God:    Trog [*****.]
Gold:   771        SH:  0    Dex: 10    Spells: 10/10 levels left

rFire    . . .     SeeInvis .   U - +3 quarterstaff (antimagic)
rCold    . . .     Gourm    .   (shield currently unavailable)
rNeg     . . .     Faith    .   A - +0 ring mail of Gomepof {+Blink MR+++ Slay+5 Stlth-} (curse)
rPois    .         Spirit   .   S - +2 hat
rElec    .         Reflect  .   (no cloak)
rCorr    .         Harm     .   (no gloves)
MR       +++++                  e - +2 pair of boots
Stlth    ..........             J - amulet of regeneration
HPRegen  1.75/turn              H - +1 ring of protection
MPRegen  0.08/turn              (no ring)

@: berserking, regenerating, studying Stealth, very quick
A: retaliatory headbutt, horns 2
a: Berserk, Trog's Hand, Brothers in Arms, Renounce Religion, Evoke Blink


You were on level 11 of the Dungeon.
You worshipped Trog.
Trog was extremely pleased with you.
You were near starving.

You visited 1 branch of the dungeon, and saw 11 of its levels.

You collected 1041 gold pieces.
You spent 270 gold pieces at shops.

Inventory:

Hand Weapons
 d - a +4 dagger
 D - a +1 dire flail of holy wrath
 K - a +3 hand axe
 R - a +5 short sword of draining
 U - a +3 antimagic quarterstaff (weapon)
 W - the +1 spear "Rifapn" {elec, Stlth+}
   (You took it off a spriggan on level 10 of the Dungeon)

   Occasionally, upon striking a foe, it will discharge some electrical energy
   and cause terrible harm.
   It makes you more stealthy.
Missiles
 G - a tomahawk of returning (quivered)
Armour
 e - a +2 pair of boots (worn)
 s - a +0 cloak
 x - a +2 cloak of invisibility
 A - the cursed +0 ring mail of Gomepof (worn) {+Blink MR+++ Slay+5 Stlth-}
   (You found it on level 6 of the Dungeon)

   It affects your accuracy and damage with ranged weapons and melee attacks
   (+5).
   It affects your resistance to hostile enchantments.
   It lets you blink.
   It makes you less stealthy.
   It has a curse placed upon it.
 S - a +2 hat (worn)
 T - a +0 troll leather armour
Jewellery
 w - an uncursed amulet of harm
 H - a +1 ring of protection (left hand)
 I - an uncursed amulet of the acrobat
 J - an amulet of regeneration (around neck)
 Q - an uncursed ring of ice
Wands
 l - a wand of enslavement (6)
 o - a wand of flame (16)
 y - a wand of random effects (15)
 C - a wand of iceblast (6)
 L - a wand of acid (12)
Scrolls
 a - 6 scrolls of enchant armour {unknown}
 f - 2 scrolls of magic mapping {unknown}
 g - 9 scrolls of teleportation {unknown}
 i - 6 scrolls of enchant weapon {unknown}
 k - 8 scrolls of remove curse {unknown}
 m - 15 scrolls of identify {unknown}
 n - 5 scrolls of random uselessness {unknown}
 v - 2 scrolls of immolation {unknown}
 z - 5 scrolls of amnesia {unknown}
 O - 2 scrolls of silence {unknown}
 V - a scroll of acquirement {unknown}
Potions
 b - 3 potions of invisibility {unknown}
 h - a potion of ambrosia {unknown}
 j - 3 potions of curing
 p - a potion of agility {unknown}
 q - 6 potions of haste {unknown}
 r - 4 potions of heal wounds
 t - 3 potions of lignification
 u - 5 potions of flight {unknown}
 B - 2 potions of brilliance {unknown}
 E - 2 potions of degeneration {unknown}
 F - 2 potions of mutation {unknown}
 P - 2 potions of might {unknown}
Books
 M - a manual of Stealth
Miscellaneous
 N - a lightning rod (4/4)
Comestibles
 c - 16 rations


   Skills:
 + Level 10.5 Fighting
 - Level 10.2(10.5) Short Blades
   Level 4.4(8.4) Long Blades
 - Level 8.8(10.0) Maces & Flails
 * Level 7.4(9.3) Staves
 + Level 0.1 Throwing
 + Level 9.6 Armour
 + Level 8.4 Dodging
 + Level 3.8 Stealth
 + Level 0.6 Evocations


You had 10 spell levels left.
You didn't know any spells.
Your spell library contained the following spells:

 Spells                   Type           Power        Failure   Level  Hunger
 Animate Skeleton         Necr           N/A          58%         1    ##.....
 Apportation              Tloc           #.....       58%         1    ##.....
 Beastly Appendage        Tmut           #.....       58%         1    ##.....
 Confusing Touch          Hex            #.....       58%         1    ##.....
 Summon Small Mammal      Summ           #...         58%         1    ##.....
 Sticks to Snakes         Tmut           #.......     75%         2    ###....
 Spider Form              Tmut/Pois      #.........   92%         3    ####...
 Ice Form                 Ice/Tmut       #.......     100%        4    #####..
 Blade Hands              Tmut           #.........   100%        5    ######.
 Bolt of Magma            Conj/Fire/Erth #.........   100%        5    ######.
 Iskenderun's Battlesphe  Conj/Chrm      #.......     100%        5    ######.
 Venom Bolt               Conj/Pois      #.........   100%        5    ######.
 Iron Shot                Conj/Erth      #.........   100%        6    #######
 Orb of Destruction       Conj           #.........   100%        7    #######
 Spellforged Servitor     Conj/Summ      #.........   100%        7    #######


Dungeon Overview and Level Annotations

Branches:
Dungeon (11/15)            Temple (0/1) D:4            Lair (0/6) D:8
    Orc: D:9-12

Altars:
Elyvilon
Kikubaaqudgha
Makhleb
Nemelex Xobeh
Okawaru
Ru
Sif Muna
Vehumet
Wu Jian
Xom
Yredelemnul
Zin

Shops:
D:6 *   D:7 ?   D:8 !

Portals:
Trove: D:10 (give 7 potions of agility)

Annotations:
D:11 Snorg


Innate Abilities, Weirdness & Mutations

You reflexively headbutt those who attack you in melee.
You have a pair of horns on your head.


Message History

Trog accepts your kill. Snorg bites you. Snorg claws you! Snorg misses you.
The yak closely misses you.
Your skin crawls.
You feel resistant to hostile enchantments.
You are feeling hungry.
Snorg bites you!!
* * * LOW HITPOINT WARNING * * *
Snorg completely misses you. Snorg claws you!
* * * LOW HITPOINT WARNING * * *
The yak gores you.
* * * LOW HITPOINT WARNING * * *
Snorg misses you. Snorg closely misses you. Snorg misses you.
Unknown command.
A red film seems to cover your vision as you go berserk!
You feel yourself moving faster!
You feel mighty!
You are feeling very hungry.
You are near starving!
Snorg bites you.
* * * LOW HITPOINT WARNING * * *
Snorg claws you!
You die...

###. #........
##... +........
##....###........
#.......#........
#.......#........
+.......#........
#.....TY#........
#[....†@.........
#........).......
###..../...#.....
+..?.....# ###.
#........#
#........#
#........#
#........#


You could see Snorg (berserk) and a yak.

Vanquished Creatures
  Erolcha (D:9)
  The ghost of voshxz the Cleaver, a journeyman DrBe of Trog (D:10)
  3 death yaks (D:8)
  3 two-headed ogres
  2 unseen horrors (D:10)
  Pikel (D:9)
  Maurice (D:8)
  A centaur zombie (D:10)
  A gargoyle (D:10)
  2 guardian mummies (D:10)
  A hornet (D:10)
  A troll (D:9)
  2 hippogriffs
  4 spriggans (D:10)
  6 yaks
  A basilisk (D:10)
  A hungry ghost (D:10)
  Grum (D:8)
  Edmund (D:6)
  Menkaure (D:4)
  2 porcupines (D:8)
  2 orc warriors
  A black bear (D:10)
  A sky beast (D:9)
  5 ogres
  A necrophage (D:8)
  3 wolves (D:8)
  3 centaurs
  Blork the orc (D:5)
  A big kobold (D:10)
  5 bullfrogs
  3 scorpions
  10 wights
  4 howler monkeys
  A crimson imp (D:7)
  A bullfrog zombie (D:8)
  3 jellies
  6 hounds
  11 orc priests
  Crazy Yiuf (D:6)
  2 bullfrog skeletons
  2 centaur skeletons (D:5)
  Ijyb (D:4)
  Natasha (D:2)
  An iguana (D:8)
  10 orc wizards
  3 worker ants
  A hell rat (D:8)
  A hound skeleton (D:11)
  Robin (D:2)
  9 adders
  4 gnolls (D:6)
  A river rat (D:8)
  2 shadow imps
  2 oozes (D:1)
  An adder zombie (D:9)
  A worm (D:6)
  3 dart slugs (D:1)
  9 leopard geckos
  45 orcs
  2 giant cockroaches
  11 goblins
  6 hobgoblins
  8 jackals
  11 kobolds
  5 quokkas
  7 bats
  5 frilled lizards
  9 rats
  A rat zombie (D:2)
265 creatures vanquished.

Vanquished Creatures (others)
  3 slaves (D:9)
3 creatures vanquished.

Grand Total: 268 creatures vanquished

Notes
Turn   | Place    | Note
-------+----------+-------------------------------------------
     0 | D:1      | Jukra the Minotaur Berserker began the quest for the Orb.
     0 | D:1      | Reached XP level 1. HP: 19/19 MP: 0/0
    18 | D:1      | Reached XP level 2. HP: 27/27 MP: 1/1
   161 | D:1      | Reached ** piety under Trog
   185 | D:1      | Reached XP level 3. HP: 34/34 MP: 2/2
   870 | D:2      | Noticed Robin
   886 | D:2      | Killed Robin
   886 | D:2      | Reached skill level 1 in Short Blades
   886 | D:2      | Reached XP level 4. HP: 41/41 MP: 3/3
   947 | D:2      | Found a glowing silver altar of Zin.
   959 | D:2      | Found a shimmering altar of Xom.
   959 | D:2      | Found an ornate altar of the Wu Jian Council.
   962 | D:2      | Found an iron altar of Okawaru.
   965 | D:2      | Noticed Natasha
   974 | D:2      | Killed Natasha
   974 | D:2      | Reached skill level 5 in Fighting
  1167 | D:2      | Found an ancient bone altar of Kikubaaqudgha.
  1268 | D:2      | Found a faded altar of an unknown god.
  1448 | D:3      | Reached *** piety under Trog
  1627 | D:3      | Reached XP level 5. HP: 48/48 MP: 4/4
  1954 | D:4      | Reached XP level 6. HP: 56/56 MP: 5/5
  1981 | D:4      | Found a staircase to the Ecumenical Temple.
  1987 | D:4      | Noticed Menkaure
  1996 | D:4      | Reached skill level 1 in Stealth
  2001 | D:4      | Killed Menkaure
  2133 | D:4      | Noticed Ijyb
  2152 | D:4      | Killed Ijyb
  2264 | D:4      | Found a deep blue altar of Sif Muna.
  2352 | D:4      | Found a sparkling altar of Nemelex Xobeh.
  2355 | D:4      | Found a white marble altar of Elyvilon.
  2358 | D:4      | Found a sacrificial altar of Ru.
  2410 | D:5      | Entered Level 5 of the Dungeon
  2430 | D:5      | Reached XP level 7. HP: 48/62 MP: 6/6
  2575 | D:5      | Reached skill level 5 in Short Blades
  2595 | D:5      | Reached **** piety under Trog
  2760 | D:5      | Noticed Blork the orc
  2772 | D:5      | Killed Blork the orc
  3093 | D:5      | Found a deep blue altar of Sif Muna.
  3411 | D:6      | Found Doih's Assorted Antiques.
  3429 | D:6      | Reached XP level 8. HP: 56/71 MP: 7/7
  3474 | D:6      | Got a dazzling ring mail
  3485 | D:6      | Identified the cursed +0 ring mail of Gomepof {+Blink MR+++
                  | Slay+5 Stlth-} (You found it on level 6 of the Dungeon)
  3517 | D:6      | Found a runed translucent door.
  3518 | D:6      | Noticed Crazy Yiuf
  3713 | D:6      | Noticed Edmund
  3725 | D:6      | Killed Edmund
  3725 | D:6      | Reached skill level 5 in Armour
  3761 | D:6      | Found a basalt altar of Yredelemnul.
  3806 | D:6      | Reached skill level 1 in Maces & Flails
  3938 | D:6      | Killed Crazy Yiuf
  4035 | D:7      | Reached ***** piety under Trog
  4035 | D:7      | Received a gift from Trog
  4035 | D:7      | Noticed a hippogriff
  4044 | D:7      | Killed a hippogriff
  4044 | D:7      | Reached skill level 5 in Dodging
  4072 | D:7      | Found a radiant altar of Vehumet.
  4092 | D:7      | Found Yreduov's Magic Scroll Shoppe.
  4377 | D:8      | Reached XP level 9. HP: 79/79 MP: 8/8
  4423 | D:8      | Found Jif Ineo's Distillery.
  4435 | D:8      | Bought a potion of heal wounds for 75 gold pieces
  4435 | D:8      | Bought a potion of curing for 45 gold pieces
  4435 | D:8      | Bought a potion of heal wounds for 75 gold pieces
  4435 | D:8      | Bought a potion of heal wounds for 75 gold pieces
  4458 | D:8      | Found a radiant altar of Vehumet.
  4461 | D:8      | Reached skill level 5 in Maces & Flails
  4498 | D:8      | Noticed Grum
  4513 | D:8      | Killed Grum
  4982 | D:8      | Noticed Maurice
  4998 | D:8      | Killed Maurice
  5086 | D:8      | Noticed a death yak
  5091 | D:8      | Noticed a death yak
  5091 | D:8      | Noticed a death yak
  5107 | D:8      | Killed a death yak
  5107 | D:8      | Reached XP level 10. HP: 38/88 MP: 9/9
  5109 | D:8      | Killed a death yak
  5113 | D:8      | Killed a death yak
  5126 | D:8      | Found a staircase to the Lair.
  5317 | D:8      | Noticed a two-headed ogre
  5324 | D:8      | Killed a two-headed ogre
  5400 | D:9      | Received a gift from Trog
  5405 | D:9      | Noticed Erolcha
  5414 | D:9      | Killed Erolcha
  5522 | D:9      | Noticed Pikel
  5528 | D:9      | Killed Pikel
  5528 | D:9      | Reached XP level 11. HP: 81/97 MP: 10/10
  5611 | D:9      | Noticed a two-headed ogre
  5616 | D:9      | Killed a two-headed ogre
  5616 | D:9      | Reached skill level 10 in Short Blades
  5635 | D:9      | Found a burning altar of Makhleb.
  6071 | D:10     | Entered Level 10 of the Dungeon
  6081 | D:10     | Reached skill level 1 in Staves
  6189 | D:10     | Noticed a two-headed ogre
  6198 | D:10     | Killed a two-headed ogre
  6198 | D:10     | Reached skill level 10 in Fighting
  6272 | D:10     | Killed an unseen horror
  6543 | D:10     | Killed an unseen horror
  6943 | D:10     | Found a runed translucent door.
  6949 | D:10     | Identified the +1 spear "Rifapn" {elec, Stlth+}
  6955 | D:10     | Noticed voshxz's ghost (journeyman DrBe)
  6955 | D:10     | Noticed a spriggan rider
  6981 | D:10     | Killed voshxz's ghost
  6981 | D:10     | Reached skill level 5 in Staves
  7087 | D:10     | Found a portal to a secret trove of treasure.
  7161 | D:11     | Noticed Snorg
  7170 | D:11     | Received a gift from Trog
  7173 | D:11     | Slain by Snorg

Skill      XL: |  1  2  3  4  5  6  7  8  9 10 11 |
---------------+----------------------------------+-----
Fighting       | 4 5 6 7 9 10 | 10.5
Long Blades    | 4 |  4.4
Short Blades   | 1 3 4 6 7 9 10 | 10.2
Armour         | 3 4 6 7 8 9 |  9.6
Dodging        | 3 4 5 6 7 8 |  8.4
Stealth        | 1 2 3 |  3.8
Maces & Flails | 4 8 |  8.8
Staves         | 7 |  7.4
Throwing       | |  0.1
Evocations     | |  0.6

Action                   |  1- 3 |  4- 6 |  7- 9 | 10-12 || total
-------------------------+-------+-------+-------+-------++-------
Melee: Falchion          |    12 |       |       |       ||    12
       Headbutt          |    13 |    18 |    54 |    61 ||   146
       Dagger            |    64 |   121 |   172 |       ||   357
       Dire flail        |       |       |    82 |       ||    82
       Short sword       |       |       |    18 |    85 ||   103
       Quarterstaff      |       |       |       |   141 ||   141
Throw: Tomahawk          |       |       |     2 |       ||     2
Invok: Berserk           |     3 |     2 |     2 |     5 ||    12
       Trog's Hand       |     1 |     1 |     1 |     5 ||     8
Evoke: Box of beasts     |       |       |       |     1 ||     1
 Stab: Sleeping          |     1 |       |       |       ||     1
  Eat: Chunk             |     2 |     7 |    11 |     6 ||    26
       Ration            |       |       |       |     2 ||     2
Armor: Animal skin       |    30 |     4 |       |       ||    34
       Ring mail         |       |    10 |    39 |   109 ||   158
       Chain mail        |       |    32 |    17 |       ||    49
       Plate armour      |       |       |    33 |       ||    33
Dodge: Dodged            |    63 |    66 |   110 |   150 ||   389
       Rpst.: Falchion   |     6 |       |       |       ||     6
